 Dungeon Crawl Stone Soup version 0.17-a0-1596-g1e86911 (webtiles) character file.

18215 kroki the Grappler (level 12, -1/122 HPs)
             Began as a Troll Chaos Knight on July 29, 2015.
             Killed themself with a badly aimed bolt of fire (5 damage)
             ... on level 4 of the Orcish Mines on July 30, 2015.
             The game lasted 00:34:09 (12298 turns).

kroki the Grappler (Troll Chaos Knight)            Turns: 12298, Time: 00:34:10

Health: -1/122     AC: 19    Str: 28    XL:     12   Next: 25%
Magic:  11/11      EV: 21    Int: 10    God:    Xom [..*...]
Gold:   2184       SH:  0    Dex: 20    Spells: 0 memorised, 11 levels left

rFire  + + .     SeeInvis +       - Unarmed
rCold  + . .     Clarity  .     r - +0 swamp dragon armour
rNeg   + . .     SustAt   .     (no shield)
rPois  +         Gourm    +     y - +2 hat {SInv}
rElec  +         Spirit   .     o - +1 cloak {MR+}
rCorr  +         Warding  +     (gloves unavailable)
rMut   .         Stasis   .     (boots unavailable)
MR     +....                    t - amulet of warding
Stlth  ++........               J - +1 ring of evasion
                                e - ring of protection from fire

@: mighty, agile, exhausted, resistant, very slightly contaminated, hasted and
slowed, invisible, somewhat resistant to hostile enchantments, unstealthy
A: unfitting armour, antennae 1, claws 3, yellow scales 2, agile 1, clever 1,
fast metabolism 3, gourmand, mutation resistance 1, regeneration 3, shaggy fur
1, electricity resistance, tough skin 2
a: Renounce Religion


You were on level 4 of the Orcish Mines.
You worshipped Xom.
You were a toy of Xom.
You were very full.

You visited 2 branches of the dungeon, and saw 14 of its levels.
You also visited: Volcano.

You collected 2184 gold pieces.

Inventory:

Hand weapons
 g - the +1 mace "Ynowoman" {drain, Dex+5, unknown}
   (You found it on level 9 of the Dungeon)

   A truly terrible weapon, it drains the life of those it strikes.
   It affects your dexterity (+5).
Missiles
 n - 37 poisoned needles
Armour
 o - a +1 cloak of magic resistance (worn)
   (You acquired it on level 4 of the Dungeon)
 r - a +0 swamp dragon armour (worn)
   (You acquired it on level 4 of the Dungeon)
 y - a +2 hat of see invisible (worn)
   (You acquired it on level 4 of the Dungeon)
 T - a mottled dragon hide
   (You found it on level 10 of the Dungeon)
Jewellery
 e - a ring of protection from fire (left claw)
   (You found it on level 1 of the Dungeon)
 m - an uncursed ring of flight
   (You found it on level 3 of the Dungeon)
 s - an uncursed ring of wizardry
   (You found it on level 5 of the Dungeon)
 t - an amulet of warding (around neck)
   (You found it on level 4 of the Dungeon)
 J - a +1 ring of evasion (right claw)
   (You found it on level 8 of the Dungeon)
 N - an uncursed ring of poison resistance
   (You found it on level 8 of the Dungeon)
Magical devices
 a - a wand of random effects (28)
   (You found it on level 7 of the Dungeon)
 i - a wand of confusion (7)
   (You took it off Duvessa on level 4 of the Dungeon)
 k - a wand of draining (0)
   (You found it on level 3 of the Dungeon)
 u - a wand of fireball (0)
   (You found it on level 5 of the Dungeon)
 E - a wand of random effects (8)
   (You found it on level 8 of the Dungeon)
 G - a wand of flame (19)
   (You found it on level 8 of the Dungeon)
 K - a wand of random effects (0)
   (You found it on level 8 of the Dungeon)
 L - a wand of polymorph (0)
   (You found it on level 8 of the Dungeon)
 M - a wand of polymorph (9)
   (You found it on level 8 of the Dungeon)
Scrolls
 j - 5 scrolls of remove curse
 v - a scroll of magic mapping
 A - a scroll of noise
Potions
 c - 2 potions of resistance
 d - 2 potions of flight
 h - 5 potions of degeneration
 x - a potion of lignification
 z - 3 potions of poison
 F - a potion of cancellation
 I - a potion of agility
Comestibles
 b - 11 bread rations
 f - 9 meat rations
 q - 12 chunks of flesh
 C - 5 fruits
 D - a slice of pizza
 P - 3 beef jerkies
 S - 5 royal jellies


   Skills:
 + Level 8.7 Fighting
 + Level 7.6 Armour
 + Level 8.4 Dodging
 + Level 12.2 Unarmed Combat


You had 11 spell levels left.
You didn't know any spells.

Dungeon Overview and Level Annotations

Branches:
Dungeon (10/15)            Temple (0/1) D:6            Lair (0/8) D:10
    Orc (4/4) D:10            Elf (0/3) Orc:4

Altars:
Cheibriados
Dithmenos
Fedhas
Gozag
Nemelex Xobeh
Okawaru
Qazlal
Ru
Trog
Xom
Yredelemnul
Zin
The Shining One
Beogh

Shops:
Orc:4 !!%=[?(}


Innate Abilities, Weirdness & Mutations

You are too large for most types of armour.
You have claws for hands.
Your metabolism is lightning-fast.
You like to eat raw meat.
You regenerate.
You are covered in fur (AC +1).
You have very tough skin (AC +2).
You have a pair of small antennae on your head.
You are mostly covered in yellow scales (AC +3).
You are agile. (Dex +2)
Your mind is acute. (Int +2)
You are somewhat resistant to further mutation.
You are resistant to electric shocks.


Message History

Drink which item? (? for menu, Esc to quit)
You feel better.
The ogre mage hits you from afar with a spear of freezing.
* * * LOW HITPOINT WARNING * * *
The ogre mage freezes you.
* * * LOW HITPOINT WARNING * * *
The troll bites you but does no damage. The troll claws you!
* * * LOW HITPOINT WARNING * * *
The troll completely misses you. The two-headed ogre closely misses you.
The two-headed ogre barely misses you. The troll bites you but does no damage.
The troll claws you but does no damage. The troll completely misses you.
The ogre barely misses you.
Drink which item? (? for menu, Esc to quit)
You feel better. The ogre mage closely misses you.
The troll completely misses you. The troll claws you but does no damage.
The troll claws you!
* * * LOW HITPOINT WARNING * * *
The troll misses you. x3
The two-headed ogre misses you.
The two-headed ogre completely misses you.
The ogre misses you.
The ogre mage hits you but does no damage.
Evoke which item? (* to show all) (? for menu, Esc to quit)
Zapping:
E - a wand of random effects (will waste charges)
Press: ? - help, Shift-Dir - straight line, f - you Really target yourself?
You fade into invisibility!
Evoking this partially-identified wand wasted a few charges.
The ogre mage mumbles some strange words.
The ogre mage blinks!
The ogre mage hits you from afar with a spear of freezing.
* * * LOW HITPOINT WARNING * * *
The ogre mage freezes you.
* * * LOW HITPOINT WARNING * * *
The troll misses you. The troll closely misses you.
The troll completely misses you. The troll closely misses you.
The troll completely misses you. The troll misses you.
The cyclops throws a large rock.
The large rock hits the hill giant!!
The two-headed ogre misses you. The two-headed ogre barely misses you.
The ogre misses you.
Evoke which item? (* to show all) (? for menu, Esc to quit)
Zapping:
a - a wand of random effects (will waste charges)
Press: ? - help, Shift-Dir - straight line, f - you Really target yourself?
The bolt of fire hits you! You resist.
* * * LOW HITPOINT WARNING * * *
Evoking this partially-identified wand wasted a few charges.
The ogre mage completely misses you. The troll closely misses you.
The troll completely misses you. The troll misses you. The troll misses you.
The troll misses you. The troll completely misses you.
The ogre mage closely misses you.
The cyclops throws a large rock.
The large rock hits the hill giant!!!
The hill giant dies!
Evoke which item? (* to show all) (? for menu, Esc to quit)
Okay, then.
Drink which item? (? for menu, Esc to quit)
Okay, then.
Evoke which item? (* to show all) (? for menu, Esc to quit)
Zapping:
a - a wand of random effects {zapped: 2} (will waste charges)
Press: ? - help, Shift-Dir - straight line, f - you Really target yourself?
The bolt of fire hits you! You resist.
You die...
Xom chuckles heartily!

.. # ...#.
......########
.....oO@#O...##.
.....oTTOOOO....
.....OCO)OO....O
......OOOCO.....
...
.......TT.O.....
...
................
o.
.....\..........
# .
...........\....
.o
..#######....#.


You could see 2 ogre magi, a deep troll, 2 cyclopes, 3 trolls, 2 two-headed
ogres, 10 ogres and 2 orcs.

Vanquished Creatures
  An orc warlord (Orc:3)
  A centaur warrior (Volcano)
  An unseen horror (D:9)
  A deep troll (Orc:4)
  2 hill giants
  2 gargoyles
  A molten gargoyle (Volcano)
  4 komodo dragons (D:10)
  A yaktaur (Volcano)
  5 trolls (Orc:4)
  A merfolk (D:10)
  A two-headed ogre (shapeshifter) (D:9)
  3 two-headed ogres (Orc:4)
  A spriggan (D:10)
  Eustachio (D:5)
  2 wyverns
  4 yaks (D:9)
  2 wargs
  2 mottled dragons
  2 hungry ghosts
  Menkaure (D:7)
  Duvessa (D:4)
  2 sky beasts (D:7)
  6 centaurs
  An ice beast (D:8)
  A phantom (D:7)
  A black bear (D:9)
  3 necrophages
  16 orc warriors
  A crocodile (D:10)
  15 ogres
  A wyvern zombie (D:8)
  12 wights
  4 killer bees (D:8)
  A scorpion (D:8)
  6 crimson imps
  4 hounds
  3 human zombies (D:8)
  2 giant frog zombies
  A lava snake (Volcano)
  16 orc priests
  A giant frog skeleton (D:6)
  7 iguanas
  3 human skeletons (D:8)
  3 worker ants
  18 orc wizards
  2 killer bee zombies (D:7)
  A hound skeleton (D:7)
  3 mummies (D:8)
  An ogre skeleton (D:8)
  Robin (D:4)
  5 gnolls
  11 adders
  2 shadow imps
  An ooze (D:5)
  4 adder skeletons
  5 worms
  5 giant geckos
  154 orcs
  13 bats
  11 hobgoblins
  16 jackals
  8 kobolds
  7 quokkas
  7 giant cockroaches
  6 giant newts
  13 goblins
  An orc zombie (D:8)
  A quokka zombie (D:6)
  5 rats
451 creatures vanquished.

Vanquished Creatures (collateral kills)
  An orc knight (Orc:2)
  6 orc warriors
  Dowan (D:4)
  An orc priest (Orc:2)
  An orc wizard (Orc:2)
  9 orcs
19 creatures vanquished.

Vanquished Creatures (others)
  2 dancing weapons (Orc:3)
  A hill giant (Orc:4)
  An ogre (Orc:3)
  A hound (D:10)
  An orc (Orc:3)
  A goblin (D:4)
7 creatures vanquished.

Grand Total: 477 creatures vanquished

Notes
Turn   | Place    | Note
--------------------------------------------------------------
     0 | D:1      | kroki the Troll Chaos Knight began the quest for the Orb.
     0 | D:1      | Reached XP level 1. HP: 22/22 MP: 0/0
     0 | D:1      | Upgraded the game from 0.17-a0-1591-g7a45446 to 0.17-a0-1596-g1e86911
   253 | D:1      | Reached XP level 2. HP: 29/29 MP: 1/1
   544 | D:1      | XOM: smoke on damage
   553 | D:1      | Reached skill level 4 in Unarmed Combat
   646 | D:2      | Reached XP level 3. HP: 36/36 MP: 2/2
  1133 | D:2      | Reached XP level 4. HP: 44/44 MP: 3/3
  1149 | D:2      | Reached skill level 5 in Unarmed Combat
  1450 | D:3      | XOM: stealth player
  1597 | D:3      | XOM: potion effect (invisibility)
  1697 | D:3      | Found a blossoming altar of Fedhas.
  1697 | D:3      | Found an iron altar of Okawaru.
  1698 | D:3      | Found a shadowy altar of Dithmenos.
  1699 | D:3      | Found an opulent altar of Gozag.
  1838 | D:3      | XOM: enchant monster (good)
  1861 | D:3      | Reached XP level 5. HP: 50/50 MP: 4/4
  1958 | D:3      | XOM: colour smoke trail
  2046 | D:3      | XOM: 2-stop teleportation journey
  2057 | D:3      | XOM: noise
  2321 | D:4      | Reached skill level 6 in Unarmed Combat
  2390 | D:4      | Noticed a centaur
  2392 | D:4      | Noticed Robin
  2393 | D:4      | XOM: potion effect (agility)
  2403 | D:4      | XOM: enchant monster (good)
  2404 | D:4      | Killed a centaur
  2404 | D:4      | Reached XP level 6. HP: 49/59 MP: 5/5
  2419 | D:4      | Killed Robin
  2419 | D:4      | Reached skill level 7 in Unarmed Combat
  2472 | D:4      | Noticed Dowan
  2473 | D:4      | Noticed Duvessa
  2488 | D:4      | XOM: summons friendly iron imp
  2494 | D:4      | Killed Duvessa
  2504 | D:4      | XOM: silly message
  2513 | D:4      | Killed Dowan
  2571 | D:4      | XOM: divination: magic mapping
  2805 | D:4      | Reached skill level 8 in Unarmed Combat
  2944 | D:4      | XOM: harmless Chrm miscast
  3005 | D:4      | Reached XP level 7. HP: 60/66 MP: 6/6
  3081 | D:4      | Reached skill level 2 in Dodging
  3136 | D:5      | Entered Level 5 of the Dungeon
  3137 | D:5      | XOM: divination: magic mapping
  3150 | D:5      | XOM: colour smoke trail
  3192 | D:5      | Found a sparkling altar of Nemelex Xobeh.
  3230 | D:5      | Found a glowing silver altar of Zin.
  3379 | D:6      | Found a stormy altar of Qazlal.
  3387 | D:6      | XOM: harmless Divn miscast
  3392 | D:6      | XOM: potion effect (might)
  3418 | D:6      | XOM: god gift: 52 gold pieces
  3419 | D:6      | Reached skill level 3 in Fighting
  3422 | D:6      | Found a staircase to the Ecumenical Temple.
  3470 | D:6      | XOM: vitrification
  3552 | D:5      | XOM: divination: detect creatures
  3585 | D:5      | Noticed Eustachio
  3585 | D:5      | XOM: confuse monster(s)
  3613 | D:5      | XOM: divination: detect creatures
  3718 | D:4      | Identified 3 scrolls of acquirement
  3919 | D:5      | Found a glowing golden altar of the Shining One.
  4029 | D:5      | Reached skill level 3 in Dodging
  4094 | D:5      | XOM: cast spell 'Ice Form'
  4096 | D:5      | XOM: summons friendly crimson imp
  4099 | D:5      | Killed Eustachio
  4099 | D:5      | Reached skill level 1 in Armour
  4099 | D:5      | Reached XP level 8. HP: 76/76 MP: 7/7
  4887 | D:6      | Reached skill level 4 in Fighting
  4908 | D:6      | You fall through a shaft for 3 floors!
  5003 | D:9      | Found a snail-covered altar of Cheibriados.
  5016 | D:8      | Found a sacrificial altar of Ru.
  5073 | D:8      | Reached skill level 9 in Unarmed Combat
  5099 | D:7      | Found a snail-covered altar of Cheibriados.
  5205 | D:7      | XOM: cast spell 'Metabolic Englaciation'
  5207 | D:7      | Reached skill level 2 in Armour
  5246 | D:7      | XOM: potion effect (berserk rage)
  5248 | D:7      | Reached skill level 4 in Dodging
  5285 | D:7      | XOM: divination: magic mapping
  5302 | D:7      | Noticed Menkaure
  5303 | D:7      | XOM: butterfly on damage
  5305 | D:7      | XOM: butterfly on damage
  5310 | D:7      | Killed Menkaure
  5462 | D:7      | XOM: harmless Chrm miscast
  5562 | D:7      | XOM: silly message
  5577 | D:7      | XOM: summons friendly iron imp
  5603 | D:7      | XOM: snakes to sticks
  5633 | D:7      | XOM: silly message
  5657 | D:7      | Found a shimmering altar of Xom.
  5691 | D:7      | XOM: colour smoke trail
  5701 | D:7      | XOM: confuse monster(s)
  5708 | D:7      | Reached XP level 9. HP: 78/85 MP: 8/8
  5768 | D:7      | Reached skill level 3 in Armour
  6032 | D:7      | XOM: medium Tloc miscast
  6089 | D:8      | XOM: mild Summ miscast
  6137 | D:8      | XOM: destruction
  6147 | D:8      | Reached skill level 5 in Fighting
  6149 | D:8      | XOM: divination: detect items
  6304 | D:8      | XOM: noise
  6371 | D:8      | Reached skill level 5 in Dodging
  6609 | D:8      | XOM: silly message
  6710 | D:8      | Reached skill level 4 in Armour
  6755 | D:8      | Found a basalt altar of Yredelemnul.
  6816 | D:8      | XOM: give mutations
  6816 | D:8      | Gained mutation: You are resistant to electric shocks. [Xom's grace]
  6816 | D:8      | Gained mutation: You have a pair of small antennae on your head. [Xom's grace]
  6825 | D:8      | XOM: 1-stop teleportation journey
  6853 | D:8      | XOM: swap monsters
  6870 | D:8      | XOM: 5-stop teleportation journey
  6878 | D:8      | Reached skill level 10 in Unarmed Combat
  7062 | D:9      | Found a bloodstained altar of Trog.
  7165 | D:9      | Got a twisted mace
  7221 | D:9      | Noticed an unseen horror
  7221 | D:9      | a yak changed into an unseen horror
  7221 | D:9      | XOM: polymorph yak -> unseen horror
  7232 | D:9      | Killed an unseen horror
  7232 | D:9      | Reached XP level 10. HP: 85/98 MP: 9/9
  7234 | D:9      | XOM: enchant monster (good)
  7239 | D:9      | XOM: polymorph yak -> two-headed ogre
  7249 | D:9      | Reached skill level 6 in Fighting
  7279 | D:9      | XOM: scenery: create altars
  7367 | D:9      | XOM: vitrification
  7413 | D:9      | Reached skill level 6 in Dodging
  7511 | D:9      | XOM: 7-stop teleportation journey
  7699 | D:9      | XOM: silly message
  7703 | D:9      | Reached skill level 5 in Armour
  7711 | D:9      | XOM: potion effect (might)
  7879 | D:10     | Entered Level 10 of the Dungeon
  8113 | D:10     | XOM: divination: detect creatures
  8162 | D:10     | Found a staircase to the Orcish Mines.
  8170 | D:10     | XOM: potion effect (might)
  8463 | D:10     | Noticed a hill giant
  8476 | D:10     | Killed a hill giant
  8535 | D:10     | XOM: potion effect (haste)
  8625 | D:10     | Reached skill level 7 in Fighting
  8664 | D:10     | Reached skill level 6 in Armour
  8664 | D:10     | Reached skill level 11 in Unarmed Combat
  8664 | D:10     | Reached XP level 11. HP: 85/109 MP: 10/10
  8667 | D:10     | Reached skill level 7 in Dodging
  8739 | D:10     | Found a staircase to the Lair.
  8903 | D:10     | XOM: mild Summ miscast
  8916 | D:10     | XOM: swap monsters
  9196 | Orc:1    | Entered Level 1 of the Orcish Mines
  9594 | Orc:2    | Found a roughly hewn altar of Beogh.
  9622 | Orc:2    | XOM: give mutations
  9622 | Orc:2    | Gained mutation: You are partially covered in yellow scales (AC +2). [Xom's grace]
  9622 | Orc:2    | Gained mutation: You are agile. (Dex +2) [Xom's grace]
  9622 | Orc:2    | Gained mutation: Your mind is acute. (Int +2) [Xom's grace]
  9622 | Orc:2    | Gained mutation: You are mostly covered in yellow scales (AC +3). [Xom's grace]
  9718 | Orc:2    | Found a dark tunnel.
  9723 | Volcano  | Entered a volcano
 10041 | Volcano  | Found a bloodstained altar of Trog.
 10041 | Volcano  | Noticed a centaur warrior
 10048 | Volcano  | XOM: cast spell 'Hydra Form'
 10049 | Volcano  | Killed a centaur warrior
 10286 | Orc:2    | XOM: summons 8 friendly demons
 10534 | Orc:2    | XOM: vitrification
 10589 | Orc:2    | Reached skill level 8 in Fighting
 10791 | Orc:2    | XOM: vitrification
 10910 | Orc:3    | XOM: confuse monster(s)
 10933 | Orc:3    | XOM: 3-stop teleportation journey
 10939 | Orc:3    | XOM: swap monsters
 10942 | Orc:3    | XOM: give mutation
 10942 | Orc:3    | Gained mutation: You regenerate. [Xom's grace]
 11069 | Orc:3    | Noticed an orc warlord
 11073 | Orc:3    | XOM: divine lightning (protected)
 11104 | Orc:3    | XOM: fog
 11158 | Orc:3    | Killed an orc warlord
 11158 | Orc:3    | Reached skill level 7 in Armour
 11307 | Orc:3    | XOM: noise
 11542 | Orc:1    | XOM: noise
 11551 | Orc:1    | XOM: confusion
 11562 | Orc:1    | Reached skill level 8 in Dodging
 11698 | Orc:4    | Entered Level 4 of the Orcish Mines
 11711 | Orc:4    | Found Cijel's Distillery.
 11790 | Orc:4    | Found Kuttix's Distillery.
 11824 | Orc:4    | Found a staircase to the Elven Halls.
 11874 | Orc:4    | Found Miuss's Food Emporium.
 11996 | Orc:4    | XOM: confuse monster(s)
 12011 | Orc:4    | XOM: potion effect (might)
 12052 | Orc:4    | Found Def Mibo's Jewellery Emporium.
 12070 | Orc:4    | Reached skill level 12 in Unarmed Combat
 12101 | Orc:4    | Found Xuupnoq's Armour Boutique.
 12204 | Orc:4    | Reached XP level 12. HP: 122/122 MP: 11/11
 12249 | Orc:4    | Found Ziteuss's Weapon Shop.
 12249 | Orc:4    | Found Gaotri's Magic Scroll Shop.
 12249 | Orc:4    | Found Neajizin's Gadget Emporium.
 12249 | Orc:4    | XOM: 5-stop teleportation journey
 12250 | Orc:4    | Noticed a deep troll
 12250 | Orc:4    | Noticed an ogre mage
 12250 | Orc:4    | Noticed a hill giant
 12250 | Orc:4    | Noticed a hill giant
 12251 | Orc:4    | Gained mutation: You are somewhat resistant to further mutation. [potion of beneficial mutation]
 12258 | Orc:4    | Noticed a deep troll
 12260 | Orc:4    | Noticed an ogre mage
 12264 | Orc:4    | XOM: potion effect (berserk rage)
 12267 | Orc:4    | Killed a hill giant
 12270 | Orc:4    | XOM: potion effect (heal wounds)
 12272 | Orc:4    | Killed a deep troll
 12276 | Orc:4    | XOM: potion effect (haste)
 12289 | Orc:4    | XOM: potion effect (might)
 12292 | Orc:4    | HP: 6/122 [ogre mage/spear of freezing (3)]
 12297 | Orc:4    | HP: 3/122 [shot self (2)]
 12297 | Orc:4    | Killed a hill giant
 12298 | Orc:4    | Killed themself with a badly aimed bolt of fire

Vault maps used:
D:1:      scummos_arrival_hexagon
D:3:      minitemple, hangedman_abyss_or_decor_lesser_grid
D:4:      first_bread, uniq_robin, uniq_duvessa
D:5:      overflow_temple_1_default, nemelex_xobeh_ov_fountains_minmay,
          nicolae_overflow_hidden_temple, uniq_eustachio
D:6:      minmay_temple_entry_statues_pillars, grunt_qazlal_clouds
D:7:      lemuel_round_altar, lemuel_doored_altar, uniq_menkaure
D:8:      lemuel_mausoleum_altar_yredelemnul, basic_altar
D:9:      lemuel_crystal_altar, basic_altar
D:10:     erik_lair_dragon, hiddenorc2_lemuel, hangedman_stone_soup,
          grunt_ministairs_6
Orc:2:    special_room, enter_volcano_1
Orc:3:    basic_altar, serial_shops, shop, nicolae_orc_pool_cavern
Orc:4:    st_orc_open, serial_shops, nicolae_shop_behind_doors, shop, shop,
          shop, nicolae_shop_window_shopping
Volcano:  volcano_lake

Action                   |  1- 3 |  4- 6 |  7- 9 | 10-12 || total
-------------------------+-------+-------+-------+-------++-------
Melee: Unarmed           |    97 |   198 |   401 |   610 ||  1306
Evoke: Wand              |       |       |     4 |    24 ||    28
  Use: Scroll            |     8 |     4 |    16 |     8 ||    36
       Potion            |       |     2 |     1 |    14 ||    17
 Stab: Sleeping          |       |     3 |       |       ||     3
       Invisible         |       |     2 |       |       ||     2
       Confused          |       |       |       |     2 ||     2
  Eat: Chunk             |    16 |    16 |    36 |    52 ||   120
       Fruit             |       |       |     4 |       ||     4
